 Dungeon Crawl Stone Soup version 0.26-a0-1129-gc5df7fbe6a (webtiles) character file.

Game seed: 3381788275121517090

92692 night the Thaumaturge (level 15, -5/129 HPs)
             Began as a Demonspawn Ice Elementalist on Dec 17, 2020.
             Was the Champion of Vehumet.
             Slain by an orc knight
             ... wielding a +0 halberd
              (30 damage)
             ... on level 2 of the Orcish Mines on Dec 18, 2020.
             The game lasted 01:57:14 (32694 turns).

night the Thaumaturge (DsIE)                       Turns: 32694, Time: 01:57:14

Health: -5/129     AC: 31    Str:  8    XL:     15   Next: 58%
Magic:  40/40      EV: 14    Int: 32    God:    Vehumet [******]
Gold:   2422       SH:  5    Dex: 15    Spells: 16/38 levels left

rFire    . . .     SeeInvis .   N - +9 broad axe of Compulsion {flame, rC- rN+ Int+4 Stlth+}
rCold    x . .     Faith    .   E - +0 buckler
rNeg     + + .     Spirit   .   h - +3 ring mail
rPois    +         Reflect  .   Y - +1 hat {Will+}
rElec    .         Harm     .   v - +0 cloak
rCorr    .         Rampage  .   q - +1 pair of gloves
Will     ++...                  s - +0 pair of boots
Stlth    ++........             a - macabre finger necklace {rN+}
HPRegen  0.31/turn              w - +6 ring of intelligence
MPRegen  0.27/turn              F - +4 ring of protection
                                V - ring of magical power

@: icy armour
A: talons 2, slimy green scales 3, powered by death 1, robust 1, spiny 2
a: Renounce Religion


You were on level 2 of the Orcish Mines.
You worshipped Vehumet.
Vehumet was exalted by your worship.
You visited 3 branches of the dungeon, and saw 23 of its levels.

You collected 3328 gold pieces.
You spent 906 gold pieces at shops.

Inventory:

Hand Weapons
 f - a +5 eveningstar of draining
 z - a +0 eveningstar of freezing
 N - the +9 broad axe of Compulsion (weapon) {flame, rC- rN+ Int+4 Stlth+}
   (You bought it in a shop on level 1 of the Orcish Mines)

   It has been specially enchanted to burn those struck by it, causing extra
   injury to most foes and up to half again as much damage against particularly
   susceptible opponents.
   Big, fiery blades are also staple armaments of hydra-hunters.
   It affects your intelligence (+4).
   It makes you vulnerable to cold.
   It protects you from negative energy.
   It makes you more stealthy.
Missiles
 d - 34 boomerangs
 n - 68 poisoned darts (quivered)
 y - 5 curare-tipped darts
 B - 2 throwing nets
 J - a boomerang of dispersal
 T - 5 javelins
Armour
 h - a +3 ring mail (worn)
 p - a scarf of repulsion
 q - a +1 pair of gloves (worn)
 s - a +0 pair of boots (worn)
 v - a +0 cloak (worn)
 E - a +0 buckler (worn)
 G - the +1 leather armour "Omuq" {Str+4 Int+2 Slay+3}
   (You found it on level 15 of the Dungeon)

   It affects your strength (+4).
   It affects your intelligence (+2).
   It affects your accuracy and damage with ranged weapons and melee attacks
   (+3).
 Y - a +1 hat of willpower (worn)
Jewellery
 a - the macabre finger necklace (around neck) {rN+}
   (You took it off Josephine on level 10 of the Dungeon)

   [amulet of nothing]

   It protects you from negative energy.
 c - an uncursed ring of protection from fire
 w - a +6 ring of intelligence (left hand)
 F - a +4 ring of protection (right hand)
 P - an uncursed ring of positive energy
 U - an uncursed ring of ice
 V - a ring of magical power (on amulet)
 W - an uncursed ring of willpower
 Z - the ring "Hicwisej" {rElec rF+}
   (You found it on level 6 of the Lair of Beasts)

   [ring of protection from fire]

   It protects you from fire.
   It insulates you from electricity.
Wands
 l - a wand of disintegration (11)
 K - a wand of acid (9)
 R - a wand of digging (12)
Scrolls
 m - 2 scrolls of fear
 r - 15 scrolls of remove curse
 u - 2 scrolls of summoning
 x - 5 scrolls of magic mapping
 D - 7 scrolls of teleportation
 H - 2 scrolls of fog
Potions
 b - 5 potions of cancellation
 e - 2 potions of flight
 g - 9 potions of curing
 i - 7 potions of lignification
 j - 6 potions of heal wounds
 k - 5 potions of ambrosia
 o - 3 potions of magic
 t - a potion of resistance
 A - 7 potions of attraction
 C - 5 potions of haste
 I - 2 potions of berserk rage
 L - a potion of brilliance
 X - a potion of might
Miscellaneous
 S - a condenser vane (inert)


   Skills:
 + Level 11.0 Fighting
 * Level 5.0(9.3) Axes
 - Level 11.9(12.3) Maces & Flails
 - Level 7.6 Armour
 + Level 7.1 Dodging
 - Level 1.7 Stealth
 - Level 4.0 Shields
 + Level 12.2 Spellcasting
 + Level 11.9 Ice Magic
 - Level 4.1 Earth Magic


You had 16 spell levels left.
You knew the following spells:

 Your Spells              Type           Power        Failure   Level
a - Freeze                Ice            100%         1%          1
b - Frozen Ramparts       Ice            100%         1%          3
c - Ozocubu's Armour      Ice            77%          1%          3
d - Summon Ice Beast      Ice/Summ       55%          5%          4
e - Lee's Rapid Deconstr  Erth           22%          9%          5
f - Starburst             Conj/Fire      9%           90%         6

Your spell library contained the following spells:

 Spells                   Type           Power        Failure   Level
 Spellforged Servitor     Conj/Summ      9%           100%        7
 Magic Dart               Conj           76%          1%          1
 Ensorcelled Hibernation  Hex/Ice        100%         1%          2
 Hailstorm                Conj/Ice       55%          1%          4
 Searing Ray              Conj           38%          2%          2
 Dazzling Flash           Conj/Hex       38%          5%          3
 Inner Flame              Hex/Fire       19%          5%          3
 Animate Skeleton         Necr           38%          6%          1
 Apportation              Tloc           38%          6%          1
 Corona                   Hex            21%          6%          1
 Summon Small Mammal      Summ           76%          6%          1
 Blink                    Tloc           N/A          10%         2
 Call Imp                 Summ           19%          10%         2
 Metabolic Englaciation   Hex/Ice        27%          16%         5
 Fulminant Prism          Conj/Hex       9%           17%         4
 Iskenderun's Mystic Bla  Conj/Tloc      19%          17%         4
 Sticky Flame             Conj/Fire      19%          17%         4
 Call Canine Familiar     Summ           19%          19%         3
 Confusing Touch          Hex            19%          19%         3
 Gell's Gravitas          Tloc           9%           19%         3
 Lesser Beckoning         Tloc           9%           19%         3
 Summon Guardian Golem    Hex/Summ       19%          19%         3
 Teleport Other           Tloc           19%          19%         3
 Leda's Liquefaction      Hex/Erth       16%          26%         4
 Petrify                  Tmut/Erth      32%          26%         4
 Lightning Bolt           Conj/Air       9%           41%         5
 Yara's Violent Unravell  Hex/Tmut       9%           41%         5
 Passage of Golubria      Tloc           N/A          54%         4
 Summon Lightning Spire   Summ/Air       19%          54%         4
 Invisibility             Hex            19%          100%        6


Dungeon Overview and Level Annotations

Branches:
Dungeon (15/15)            Temple (0/1) D:6            Lair (6/6) D:9
 Shoals (0/4) Lair:3       Spider (0/4) Lair:3        Slime (0/5) Lair:6
    Orc (2/2) D:11            Elf (0/3) Orc:2        Vaults (0/5) D:13
 Depths (0/5) D:15

Altars:
Ashenzari
Cheibriados
Dithmenos
Elyvilon
Fedhas
Gozag
Makhleb
Qazlal
Sif Muna
Trog
Vehumet
Xom
Yredelemnul
Beogh
Jiyva

Shops:
D:9 (   Orc:1 ?=(   Orc:2 !

Annotations:
D:3 1 runed translucent door, exclusion: oklob plant, MoonlitKnight's ghost, amateur MfIE
Lair:1 3 runed translucent doors, Paazun's ghost, journeyman OpTm


Innate Abilities, Weirdness & Mutations

You have razor-sharp toenails.
You are completely covered in slimy green scales. (AC +4, rPois)
You regenerate a little health from kills.
You are robust. (+10% HP)
You are mostly covered in sharp spines.


Message History

The orc knight hits you but does no damage.
Your base Axes skill increases to level 5!
You hit the orc sorcerer. You burn the orc sorcerer.
The orc sorcerer is severely wounded.
The orc sorcerer mumbles some strange words.
The red devil hits you from afar with a +0 demon trident of venom.
The orc sorcerer howls an incantation.
You feel troubled.
The orc sorcerer casts a spell.
You block the orc knight's attack.
You hit the orc sorcerer. You burn the orc sorcerer.
The orc sorcerer is almost dead.
You slash the chaos spawn! You burn the chaos spawn.
The red devil hits you but does no damage.
The orc sorcerer hits you but does no damage.
The chaos spawn grows dozens of eye stalks in order to get a better look at you.
The chaos spawn hits you. The chaos spawn sears you!
* * * LOW HITPOINT WARNING * * *
The orc knight hits you from afar with a +0 halberd!!
You die...

##.#####
#######.........#..
######.######
#..............
#...........###
#..............
...####.####...##
#.#.#..#..>....
#.######..######...#.....#.
#.#...###..# ##.#.#........
#.#.....##.###.....#.......
#.#.....3#4##.#.......)....
... #.)o@##..<...#.....#.
.. ##))###....#.........
#o4 ##.............


ooo4 #....#......... .##.. #...####....... # ..# #.### ####.#.# .∩# ### ##### ##
You could see an orc knight (strong), an orc high priest (strong), a sixfirhy
(summoned), a chaos spawn (summoned), 2 orc sorcerers, 2 red devils and an orc
warrior.

Vanquished Creatures
  Gastronok (Lair:2)
  Kirke (D:13)
  Nessos (D:13)
  Azrael (D:12)
  4 dire elephants (Lair:6)
  Snorg (Orc:1)
  A yaktaur captain (D:15)
  Josephine (D:10)
  4 hydras
  Fannar (Lair:1)
  Erolcha (D:8)
  An anaconda (Lair:6)
  Harold (D:11)
  7 boulder beetles
  2 dancing weapons (D:13)
  3 centaur warriors
  4 two-headed ogres
  8 death yaks
  2 orc high priests (Orc:2)
  5 unseen horrors
  3 orc knights (Orc:2)
  3 deep elf magi
  2 oklob plants (Lair:2)
  A wolf spider (Lair:3)
  2 orc sorcerers (Orc:2)
  5 cyclopes
  18 elephants (Lair:6)
  A centaur zombie (D:15)
  2 manticores
  Maurice (D:12)
  5 black mambas
  2 molten gargoyles (Lair:5)
  3 gargoyles
  9 cane toads
  4 centaur skeletons
  3 rime drakes
  A yaktaur (D:15)
  10 komodo dragons
  A kobold demonologist (D:14)
  4 polar bears
  3 trolls
  2 nameless horrors
  A raiju (shapeshifter) (D:15)
  4 blink frogs
  7 wyverns
  5 vampires
  41 yaks
  9 wraiths
  4 fire elementals (D:12)
  2 hogs (D:13)
  A steam dragon (D:13)
  11 vampire mosquitoes
  5 wargs
  A basilisk (Lair:6)
  Menkaure (D:5)
  2 acid dragons
  3 hell hounds (D:12)
  Duvessa (D:4)
  13 water moccasins
  5 sky beasts
  6 black bears
  11 ice beasts
  24 orc warriors
  3 necrophages
  An eye of draining (D:15)
  A phantom (D:12)
  11 ogres
  22 wolves
  2 lemures (D:5)
  8 centaurs
  4 big kobolds
  21 bullfrogs
  5 scorpions
  A water moccasin skeleton (D:9)
  Dowan (D:4)
  9 killer bees (D:11)
  8 wights
  An electric eel (D:10)
  9 howler monkeys
  2 bullfrog zombies
  5 lava snakes (Lair:5)
  8 hounds
  A jelly (D:9)
  22 orc priests
  2 bullfrog skeletons
  28 orc wizards
  Ijyb (D:5)
  7 iguanas
  14 worker ants
  2 bullfrog simulacra (D:10)
  2 hound zombies
  A hound skeleton (D:6)
  3 worker ant zombies
  A killer bee simulacrum (D:10)
  14 adders
  4 gnolls (D:4)
  A hound simulacrum (D:10)
  2 shadow imps
  19 white imps
  6 ufetubi
  2 oozes
  3 adder skeletons
  3 worms
  A dart slug (D:3)
  An adder simulacrum (D:10)
  5 leopard geckos
  90 orcs
  4 giant cockroaches
  6 hobgoblins
  15 jackals
  5 quokkas
  3 ball pythons
  17 bats
  6 frilled lizards
  2 goblins (D:3)
  27 kobolds
  8 rats
742 creatures vanquished.

Vanquished Creatures (collateral kills)
  A dire elephant (Lair:6)
  2 hydras
  A death yak (Lair:6)
  Urug (Lair:5)
  3 skeletal warriors
  A deep elf mage (D:15)
  An elephant (Lair:6)
  A kobold demonologist (D:14)
  2 komodo dragons (Lair:1)
  2 yaks
  A nameless horror (Lair:6)
  2 water moccasins
  An ice beast (D:10)
  An orc warrior (Orc:1)
  A wolf (Lair:2)
  A phantom (D:12)
  A big kobold (D:14)
  2 bullfrogs (Lair:1)
  2 wights (D:10)
  An orc wizard (Orc:1)
  A worker ant (D:11)
  A white imp (D:10)
  2 orcs (Orc:1)
32 creatures vanquished.

Vanquished Creatures (others)
  A black mamba (Lair:2)
  A centaur skeleton (D:13)
  3 orcs
  36 fungi
  75 plants
116 creatures vanquished.

Grand Total: 890 creatures vanquished

Notes
Turn   | Place    | Note
-------+----------+-------------------------------------------
     0 | D:1      | night the Demonspawn Ice Elementalist began the quest for
                  | the Orb.
     0 | D:1      | Reached XP level 1. HP: 13/13 MP: 3/3
   148 | D:1      | Gained mutation: You are partially covered in slimy green
                  | scales. (AC +2) [demonic ancestry]
   148 | D:1      | Reached XP level 2. HP: 19/19 MP: 5/5
   915 | D:2      | Found a snail-covered altar of Cheibriados.
  1212 | D:2      | Gained mutation: You regenerate a little health from kills.
                  | [demonic ancestry]
  1212 | D:2      | Reached XP level 3. HP: 24/24 MP: 7/7
  1216 | D:2      | Learned a level 3 spell: Frozen Ramparts
  1362 | D:2      | Reached skill level 3 in Spellcasting
  1607 | D:2      | Found a faded altar of an unknown god.
  1788 | D:2      | Gained mutation: You are mostly covered in slimy green
                  | scales. (AC +3) [demonic ancestry]
  1788 | D:2      | Reached XP level 4. HP: 10/30 MP: 3/9
  2425 | D:3      | Found a radiant altar of Vehumet.
  2430 | D:3      | Became a worshipper of Vehumet
  2452 | D:3      | Gained mutation: You are partially covered in sharp spines.
                  | [demonic ancestry]
  2452 | D:3      | Reached XP level 5. HP: 28/35 MP: 6/10
  2503 | D:3      | Learned a level 3 spell: Ozocubu's Armour
  2610 | D:3      | Found a white marble altar of Elyvilon.
  2741 | D:3      | Found a burning altar of Makhleb.
  2977 | D:3      | Reached skill level 5 in Ice Magic
  3046 | D:3      | Found a basalt altar of Yredelemnul.
  3070 | D:3      | Found a runed translucent door.
  3073 | D:3      | Noticed MoonlitKnight's ghost (amateur MfIE)
  3116 | D:3      | Reached skill level 4 in Spellcasting
  3256 | D:3      | Reached * piety under Vehumet
  3256 | D:3      | Offered knowledge of Shock by Vehumet.
  3293 | D:3      | Found a blossoming altar of Fedhas.
  3314 | D:3      | Noticed an oklob plant
  3965 | D:4      | Reached XP level 6. HP: 40/41 MP: 6/12
  4233 | D:4      | Learned a level 4 spell: Summon Ice Beast
  4319 | D:4      | Noticed Dowan
  4384 | D:4      | Noticed Duvessa
  4403 | D:4      | Killed Dowan
  4404 | D:4      | Reached skill level 5 in Spellcasting
  4411 | D:4      | Killed Duvessa
  4412 | D:4      | Reached XP level 7. HP: 46/46 MP: 8/14
  4749 | D:4      | Found a shimmering blue altar of Sif Muna.
  4749 | D:4      | Found a bloodstained altar of Trog.
  4778 | D:5      | Entered Level 5 of the Dungeon
  4971 | D:5      | Reached ** piety under Vehumet
  4971 | D:5      | Offered knowledge of Foxfire by Vehumet.
  5331 | D:5      | Noticed Ijyb
  5487 | D:5      | Killed Ijyb
  5530 | D:5      | Noticed Menkaure
  5547 | D:5      | Killed Menkaure
  5548 | D:5      | Reached skill level 1 in Fighting
  5548 | D:5      | Reached skill level 1 in Armour
  5583 | D:5      | Noticed Pikel
  5597 | D:5      | Noticed Pikel
  5597 | D:5      | Pikel changed into Pikel the worker ant
  5598 | D:5      | Killed Pikel the worker ant
  5894 | D:5      | Reached skill level 6 in Spellcasting
  5894 | D:5      | Reached XP level 8. HP: 56/56 MP: 9/17
  6071 | D:5      | Reached skill level 2 in Fighting
  6223 | D:6      | Reached skill level 2 in Armour
  6783 | D:6      | Offered knowledge of Stone Arrow by Vehumet.
  6791 | D:6      | Found a staircase to the Ecumenical Temple.
  7198 | D:6      | Gained mutation: You are completely covered in slimy green
                  | scales. (AC +4, rPois) [demonic ancestry]
  7198 | D:6      | Reached XP level 9. HP: 34/65 MP: 15/19
  7402 | D:7      | Reached skill level 7 in Spellcasting
  7477 | D:7      | Reached *** piety under Vehumet
  7672 | D:7      | Found a shadowy altar of Dithmenos.
  7703 | D:7      | Found an opulent altar of Gozag.
  8164 | D:8      | Offered knowledge of Airstrike by Vehumet.
  8185 | D:8      | Found a shimmering altar of Xom.
  8787 | D:8      | Reached skill level 5 in Fighting
  9253 | D:8      | Reached skill level 1 in Maces & Flails
  9265 | D:8      | Reached skill level 2 in Maces & Flails
  9265 | D:8      | Reached skill level 5 in Armour
  9484 | D:8      | Reached XP level 10. HP: 61/75 MP: 17/21
  9623 | D:8      | Reached skill level 8 in Spellcasting
  9636 | D:9      | Found a staircase to the Lair.
  9639 | D:9      | Noticed Erolcha
  9770 | D:8      | Killed Erolcha
  9909 | D:9      | Reached **** piety under Vehumet
 10029 | D:9      | Found a broken altar of Ashenzari.
 10099 | D:9      | Offered knowledge of Lee's Rapid Deconstruction by Vehumet.
 10106 | D:9      | Learned a level 5 spell: Lee's Rapid Deconstruction
 10481 | D:9      | Found Doedusol's Weapon Boutique.
 10666 | D:10     | Entered Level 10 of the Dungeon
 10679 | D:9      | Reached skill level 1 in Shields
 10679 | D:9      | Reached skill level 1 in Earth Magic
 10770 | D:10     | Noticed a nameless horror
 10779 | D:10     | Killed a nameless horror
 10947 | D:10     | Killed an unseen horror
 10948 | D:10     | Reached skill level 2 in Shields
 10948 | D:10     | Reached skill level 2 in Earth Magic
 11043 | D:10     | Noticed Josephine
 11060 | D:10     | Killed Josephine
 11061 | D:10     | Gained mutation: You have sharp toenails. [demonic
                  | ancestry]
 11061 | D:10     | Reached XP level 11. HP: 40/82 MP: 18/23
 11072 | D:10     | Reached ***** piety under Vehumet
 11108 | D:10     | Offered knowledge of Iskenderun's Battlesphere by Vehumet.
 11109 | D:10     | Reached skill level 9 in Spellcasting
 11348 | D:10     | Reached skill level 5 in Maces & Flails
 12093 | Lair:1   | Entered Level 1 of the Lair of Beasts
 12970 | Lair:1   | Noticed Paazun's ghost (journeyman OpTm)
 12978 | Lair:1   | Found a runed translucent gate.
 12978 | Lair:1   | Found a runed translucent gate.
 12980 | Lair:1   | Found a runed translucent gate.
 13057 | Lair:1   | Noticed Fannar
 13073 | Lair:1   | Killed Fannar
 13931 | Lair:2   | Noticed Gastronok
 13976 | Lair:2   | Killed Gastronok
 13977 | Lair:2   | Gained mutation: You have razor-sharp toenails. [demonic
                  | ancestry]
 13977 | Lair:2   | Reached XP level 12. HP: 62/91 MP: 5/25
 15152 | Lair:2   | Noticed a boulder beetle
 15171 | Lair:2   | Killed a boulder beetle
 15199 | Lair:2   | Reached skill level 10 in Spellcasting
 15508 | Lair:2   | Identified 3 scrolls of acquirement
 15852 | Lair:2   | Acquired a +4 eveningstar of venom
 15855 | Lair:2   | Acquired 754 gold pieces
 15862 | Lair:2   | Acquired the Tome of Lethal Execration
 16306 | Lair:3   | Found a staircase to the Shoals.
 16458 | Lair:3   | Found a hole to the Spider Nest.
 17447 | Lair:4   | Got a steaming battleaxe
 17447 | Lair:4   | Identified the +7 battleaxe of Megalomania {spect, rElec
                  | rPois} (You found it on level 4 of the Lair of Beasts)
 17452 | Lair:4   | Noticed a death yak
 17569 | Lair:4   | Noticed a death yak
 17659 | Lair:3   | Noticed a four-headed hydra
 17666 | Lair:3   | Killed a four-headed hydra
 17772 | Lair:4   | Noticed a death yak
 17783 | Lair:4   | Killed a death yak
 17784 | Lair:4   | Reached skill level 10 in Ice Magic
 18066 | Lair:4   | Killed a death yak
 18071 | Lair:4   | Killed a death yak
 18072 | Lair:4   | Gained mutation: You are robust. (+10% HP) [demonic
                  | ancestry]
 18072 | Lair:4   | Reached XP level 13. HP: 69/107 MP: 27/27
 18713 | Lair:5   | Offered knowledge of Bolt of Magma by Vehumet.
 18989 | Lair:5   | Reached skill level 2 in Dodging
 19021 | Lair:5   | Noticed Urug
 19034 | Lair:5   | Killed Urug
 20037 | Lair:6   | Entered Level 6 of the Lair of Beasts
 20046 | Lair:5   | Upgraded the game from 0.26-a0-1126-g3318b609a0 to
                  | 0.26-a0-1129-gc5df7fbe6a
 20062 | Lair:6   | Found a viscous altar of Jiyva.
 20062 | Lair:6   | Found a staircase to the Slime Pits.
 20862 | Lair:6   | Got a twitching steel ring
 20915 | Lair:6   | Reached skill level 10 in Maces & Flails
 20931 | Lair:6   | Reached skill level 11 in Spellcasting
 21131 | Lair:6   | Identified the ring "Hicwisej" {rElec rF+} (You found it on
                  | level 6 of the Lair of Beasts)
 22161 | Lair:6   | Noticed a dire elephant
 22172 | Lair:6   | Killed a dire elephant
 22223 | Lair:6   | Noticed a dire elephant
 22223 | Lair:6   | Noticed a dire elephant
 22251 | Lair:6   | HP: 14/111 [dire elephant (8)]
 22256 | Lair:6   | Killed a dire elephant
 22257 | Lair:6   | Gained mutation: You are mostly covered in sharp spines.
                  | [demonic ancestry]
 22257 | Lair:6   | Reached XP level 14. HP: 16/118 MP: 26/29
 22273 | Lair:6   | HP: 13/118 [dire elephant (12)]
 22274 | Lair:6   | HP: 4/118 [dire elephant (10)]
 22274 | Lair:6   | HP: 1/118 [dire elephant (3)]
 23298 | D:11     | Offered knowledge of Starburst by Vehumet.
 23325 | D:11     | Found a staircase to the Orcish Mines.
 23627 | D:11     | Found a stormy altar of Qazlal.
 23675 | D:11     | Found a white marble altar of Elyvilon.
 23709 | D:11     | Found a frozen archway.
 23716 | D:11     | Reached ****** piety under Vehumet
 23769 | D:11     | Reached skill level 5 in Dodging
 24187 | D:11     | Noticed Harold
 24202 | D:11     | Killed Harold
 24480 | D:11     | Learned a level 6 spell: Starburst
 24958 | D:12     | Noticed Maurice
 24969 | D:12     | Killed Maurice
 24970 | D:12     | Reached skill level 10 in Fighting
 25010 | D:12     | Noticed Sonja
 25012 | D:12     | Noticed Sonja
 25012 | D:12     | Sonja changed into Sonja the black bear
 25021 | D:12     | Killed Sonja the black bear
 25582 | D:12     | Noticed Azrael
 25593 | D:12     | Killed Azrael
 26723 | D:13     | Noticed Nessos
 26736 | D:13     | Killed Nessos
 27329 | D:13     | Noticed Kirke
 27348 | D:13     | Killed Kirke
 27530 | D:13     | Found a gate to the Vaults.
 27574 | D:13     | Acquired a +0 eveningstar of freezing
 28020 | D:14     | Reached skill level 1 in Axes
 28026 | D:14     | Offered knowledge of Irradiate by Vehumet.
 28052 | D:14     | Reached XP level 15. HP: 128/128 MP: 30/30
 28383 | D:14     | Reached skill level 2 in Axes
 28826 | D:15     | Entered Level 15 of the Dungeon
 29126 | D:15     | HP: 8/128 [skeletal warrior/+0 flail[a skeletal warrior]
                  | (19)]
 29583 | D:14     | Reached skill level 12 in Spellcasting
 30870 | D:15     | Got a shimmering leather armour
 30880 | D:15     | Identified the +1 leather armour "Omuq" {Str+4 Int+2
                  | Slay+3} (You found it on level 15 of the Dungeon)
 31004 | D:15     | Found a staircase to the Depths.
 31350 | Orc:1    | Entered Level 1 of the Orcish Mines
 31447 | Orc:1    | Offered knowledge of Spellforged Servitor by Vehumet.
 31505 | Orc:1    | Found Aqoikk's Antique Weapon Emporium.
 31528 | Orc:1    | Bought a bone broad axe for 234 gold pieces
 31531 | Orc:1    | Identified the +9 broad axe of Compulsion {flame, rC- rN+
                  | Int+4 Stlth+} (You bought it in a shop on level 1 of the
                  | Orcish Mines)
 31537 | Orc:1    | Found a roughly hewn altar of Beogh.
 31540 | Orc:1    | Found Verghejasu's Jewellery Boutique.
 31546 | Orc:1    | Bought a +4 ring of protection for 612 gold pieces
 31580 | Orc:1    | Found Xuuruwys's Magic Scroll Emporium.
 31601 | Orc:1    | Bought a scroll of identify for 22 gold pieces
 31601 | Orc:1    | Bought a scroll of magic mapping for 38 gold pieces
 31807 | Orc:2    | Entered Level 2 of the Orcish Mines
 31830 | Orc:2    | Noticed Snorg
 31852 | Orc:1    | Killed Snorg
 32224 | Orc:2    | Found a staircase to the Elven Halls.
 32650 | Orc:2    | Found Vuig's Distillery.
 32689 | Orc:2    | HP: 15/129 [orc knight/+0 vorpal dire flail (5)]
 32693 | Orc:2    | Reached skill level 5 in Axes
 32694 | Orc:2    | Slain by an orc knight

Illustrated notes

Levels and vault maps discovered:
D:1:      onia_arrival_handbag, layout_loops_cross
D:2:      layout_basic, lemuel_crystal_altar, chequers_ecumenical_altar_simple
D:3:      layout_loops_ring, kennysheep_ying_yang, overflow_temple_1_default,
          tgw_fedhas, nicolae_overflow_crystal_walls,
          hellmonk_ghost_happy_afterlife, grunt_ministairs_6
D:4:      layout_cave_pools, gammafunk_temple_overflow_wave, uniq_duvessa
D:5:      layout_gridville, uniq_menkaure, uniq_pikel, uniq_ijyb
D:6:      layout_basic, temple_doors_cd, ldierk_geyser
D:7:      layout_gridville, nicolae_gozag_cash_rules_everything_around_me,
          nicolae_dithmenos_shadow_blocks
D:8:      layout_gridville, nicolae_overflow_hidden_temple, due_unseen_surprise
D:9:      layout_roguey, cheibrodos_ashenzari_chains, minmay_lair_entry_grove,
          serial_shops, shop_statue, grunt_ministairs_14, uniq_erolcha
D:10:     layout_basic, serial_ice, serial_ice_k, serial_ice_n, serial_ice_f,
          serial_ice_b, uniq_josephine
D:11:     minmay_s_stair_smasher, layout_basic, hiddenorc1_lemuel, basic_altar,
          portal_ice_cave_entry_imps, nicolae_qazlal_style_of_elements,
          uniq_harold
D:12:     layout_gridville, hangedman_batty, uniq_sonja, uniq_maurice,
          uniq_azrael
D:13:     layout_basic, erik_vaults_1, grunt_ministairs_12, uniq_nessos,
          uniq_kirke
D:14:     layout_cave_pools, roderic_st_hans_cross
D:15:     grunt_enter_depths_snipers, layout_basic, kennysheep_pointless_box,
          serial_park_tiny_2
Lair:1:   beast_lair_carwin_large_2, layout_cave_pods, gammafunk_ghost_split,
          uniq_fannar
Lair:2:   layout_gridlike, minmay_lair_oklob_chamber, uniq_gastronok
Lair:3:   layout_chaotic_city, elwin_shoals_entry_rocks,
          spider_nest_entry_rubble
Lair:4:   layout_regular_city, grunt_megastairs_3, serial_bayou_shore_b
Lair:5:   cheibrodos_magma_flow, layout_regular_city, grunt_megastairs_1,
          uniq_urug
Lair:6:   due_jungle_book, layout_loops_ring, slime_altar_1
Orc:1:    layout_caves, serial_shops, shop, shop_fountains, shop_fountains,
          basic_altar
Orc:2:    st_orc_elflike, layout_caves, uniq_snorg

Skill      XL: |  1  2  3  4  5  6  7  8  9 10 11 12 13 14 15 |
---------------+----------------------------------------------+-----
Ice Magic      | 4 5 6 7 8 9 10 11 | 11.9
Spellcasting   | 3 4 5 6 7 8 9 10 11 12 | 12.2
Fighting       | 1 3 5 6 7 8 9 10 11 | 11.0
Armour         | 1 3 5 6 7 |  7.6
Maces & Flails | 2 4 6 9 10 11 | 11.9
Shields        | 2 4 |  4.0
Earth Magic    | 2 4 |  4.1
Dodging        | 4 6 7 |  7.1
Axes           | 1 5 |  5.0
Stealth        | |  1.7

Action                   |  1- 3 |  4- 6 |  7- 9 | 10-12 | 13-15 || total
-------------------------+-------+-------+-------+-------+-------++-------
Melee: Unarmed           |    10 |       |       |       |       ||    10
       Spear             |    83 |    97 |    58 |       |       ||   238
       Whip              |       |       |   154 |   297 |       ||   451
       Eveningstar       |       |       |       |    35 |   841 ||   876
       Broad axe         |       |       |       |       |   101 ||   101
Throw: Dart              |       |    17 |    11 |    14 |    10 ||    52
 Cast: Freeze            |    36 |    13 |    10 |    65 |     9 ||   133
       Frozen Ramparts   |     1 |    25 |    26 |    49 |    67 ||   168
       Ozocubu's Armour  |       |     4 |     8 |     7 |    28 ||    47
       Summon Ice Beast  |       |       |       |    28 |    61 ||    89
       Lee's Rapid Decon |       |       |       |    18 |       ||    18
Evoke: Wand              |       |     3 |     8 |     6 |     3 ||    20
       Condenser vane    |       |       |       |     1 |     3 ||     4
  Use: Scroll            |       |    12 |     1 |    14 |    17 ||    44
       Potion            |       |       |       |     4 |     4 ||     8
 Stab: Sleeping          |     4 |     2 |     4 |     4 |     1 ||    15
       Distracted        |       |       |       |     3 |     4 ||     7
       Confused          |       |       |       |       |     5 ||     5
Armor: Robe              |    28 |     5 |       |       |       ||    33
       Ring mail         |       |    35 |   145 |   190 |   461 ||   831
       Leather armour    |       |       |       |       |     2 ||     2
Dodge: Dodged            |    55 |    41 |   137 |   175 |   488 ||   896
Block: Kite shield       |       |       |       |     2 |       ||     2
       Buckler           |       |       |       |    37 |   216 ||   253

Table legend: (Time is in decaauts)
 A = Elapsed time spent in this place.
 B = Non-inter-level travel time spent in this place.
 C = Inter-level travel time spent in this place.
 D = Time resting spent in this place.
 E = Time spent auto-exploring this place.
 F = Levels seen in this place.
 G = Mean time per level.
                   A        B        C        D        E       F      G
               +--------+--------+--------+--------+--------+-----+--------+
         Total |  32721 |  30832 |   1889 |   8369 |  16414 |  23 | 1422.7 |
       Dungeon |  20216 |  19376 |    840 |   4942 |  10511 |  15 | 1347.7 |
          Lair |  11147 |  10112 |   1035 |   3172 |   5208 |   6 | 1857.8 |
  Orcish Mines |   1357 |   1344 |     13 |    255 |    695 |   2 |  678.5 |
               +--------+--------+--------+--------+--------+-----+--------+

Top non-repeatable levels by time:
  Lair:6: 2688 daAuts
  Lair:2: 2144 daAuts
  Lair:5: 1892 daAuts
    D:14: 1877 daAuts
    D:15: 1870 daAuts
  Lair:1: 1795 daAuts
    D:11: 1734 daAuts
     D:8: 1630 daAuts
     D:3: 1592 daAuts
     D:2: 1426 daAuts
  Lair:4: 1400 daAuts
    D:10: 1343 daAuts
     D:5: 1256 daAuts
     D:9: 1252 daAuts
  Lair:3: 1226 daAuts
